 Dungeon Crawl Stone Soup version 0.28.0-43-g3370ac3207 (webtiles) character file.

Game seed: 1590185807501880017

32127 demenzo the Brawler (level 13, -4/131 HPs)
             Began as a Troll Cinder Acolyte on Mar 24, 2022.
             Was a Priest of Ignis.
             Slain by an eight-headed hydra (9 damage)
             ... on level 4 of the Lair of Beasts.
             The game lasted 00:30:09 (14342 turns).

demenzo the Brawler (Troll Cinder Acolyte)         Turns: 14342, Time: 00:30:09

Health: -4/131     AC: 12    Str: 25    XL:     13   Next: 29%
Magic:  13/13      EV: 11    Int: 10    God:    Ignis [***...]
Gold:   1049       SH:  5    Dex:  9    Spells: 12/14 levels left

rFire   . . .      SeeInvis .   W - +4 scimitar (flame)
rCold   + . .      Faith    .   (no shield)
rNeg    . . .      Spirit   .   F - +0 steam dragon scales
rPois   +          Reflect  +   X - +2 hat {Will+}
rElec   .          Harm     .   C - +1 cloak {Stlth+}
rCorr   .          Rampage  .   (gloves unavailable)
Will    +....                   (boots unavailable)
Stlth   ++........              l - amulet of reflection
HPRegen 1.11/turn               i - ring of ice
MPRegen 0.13/turn               A - ring of poison resistance

@: about to teleport
A: large, unfitting armour, claws 3, regeneration 1, shaggy fur 1, tough skin 1
a: Renounce Religion, Fiery Armour, Foxfire Swarm, Rising Flame


You were on level 4 of the Lair of Beasts.
You worshipped Ignis.
Ignis was most pleased with you.
You visited 3 branches of the dungeon, and saw 16 of its levels.
You also visited: Ossuary and Volcano.

You collected 1049 gold pieces.

Inventory:

Hand Weapons
 a - the +7 hand crossbow "Eviscerator" {venom, rF- rC+ rN+}
   (You found it on level 4 of the Dungeon)

   Any ammunition fired from it poisons the flesh of those it strikes.
   rF:        It makes you vulnerable to fire.
   rC:        It protects you from cold.
   rN:        It protects you from negative energy.
 W - a +4 scimitar of flaming (weapon)
Missiles
 b - 101 bolts
 h - 145 sling bullets
 n - 486 stones
 p - 29 poisoned darts
 w - 7 large rocks (quivered)
 x - 6 javelins
 O - 4 curare-tipped darts
 P - 4 datura-tipped darts
 R - a throwing net
Armour
 v - a +1 robe
 C - a +1 cloak of stealth (worn)
 F - +0 steam dragon scales (worn)
 U - a +1 robe of willpower
 V - a +2 robe of fire resistance
 X - a +2 hat of willpower (worn)
Jewellery
 g - a ring of protection from fire
 i - a ring of ice (left claw)
 l - an amulet of reflection (around neck)
 m - a +6 ring of intelligence
 u - a ring of ice
 A - a ring of poison resistance (right claw)
Wands
 o - a wand of acid (18)
 q - a wand of polymorph (6)
 B - a wand of digging (5)
 I - a wand of iceblast (17)
 K - a wand of flame (9)
 S - a wand of mindburst (6)
 Z - a wand of charming (6)
Scrolls
 c - 2 scrolls of magic mapping
 d - 5 scrolls of enchant armour
 e - 8 scrolls of identify
 t - a scroll of blinking
 y - 2 scrolls of amnesia {unknown}
 z - a scroll of torment {unknown}
 D - a scroll of fear
 G - a scroll of summoning {unknown}
 J - a scroll of silence
 L - a scroll of noise {unknown}
 M - 2 scrolls of enchant weapon {unknown}
 Q - 2 scrolls of immolation {unknown}
Potions
 f - 4 potions of lignification
 j - 2 potions of haste
 k - 2 potions of mutation
 r - 5 potions of flight
 s - a potion of degeneration
 E - 2 potions of cancellation
 H - 5 potions of curing
 T - 2 potions of heal wounds
 Y - a potion of ambrosia


   Skills:
 + Level 9.1 Fighting
 + Level 4.9 Armour
 - Level 7.0 Dodging
 * Level 17.8 Unarmed Combat
 - Level 1.0 Spellcasting
 - Level 2.1 Fire Magic


You had 12 spell levels left.
You knew the following spells:

 Your Spells              Type           Power      Damage    Failure   Level
a - Scorch                Fire           8%         2d5       22%         2

Your spell library contained the following spells:

 Spells                   Type           Power      Damage    Failure   Level
 Animate Skeleton         Necr           0%         N/A       34%         1
 Magic Dart               Conj           0%         1d3       34%         1
 Pain                     Necr           0%         1d4       34%         1
 Sting                    Tmut/Pois      0%         1d3       34%         1
 Call Imp                 Summ           0%         N/A       45%         2
 Ensorcelled Hibernation  Hex/Ice        0%         N/A       45%         2
 Poisonous Vapours        Pois/Air       0%         N/A       45%         2
 Static Discharge         Conj/Air       0%         N/A       45%         2
 Mephitic Cloud           Conj/Pois/Air  0%         N/A       71%         3
 Spider Form              Tmut/Pois      0%         N/A       71%         3
 Summon Guardian Golem    Hex/Summ       0%         N/A       71%         3
 Tukima's Dance           Hex            0%         N/A       71%         3
 Vampiric Draining        Necr           0%         2d6       71%         3
 Anguish                  Hex/Necr       0%         N/A       98%         4
 Animate Dead             Necr           0%         N/A       98%         4
 Olgreb's Toxic Radiance  Pois           0%         N/A       98%         4
 Passage of Golubria      Tloc           0%         N/A       98%         4
 Borgnjor's Vile Clutch   Necr/Erth      0%         N/A       100%        5
 Yara's Violent Unravell  Hex/Tmut       0%         3d3       100%        5
 Death Channel            Necr           0%         N/A       100%        6
 Eringya's Noxious Bog    Tmut/Pois      0%         N/A       100%        6
 Starburst                Conj/Fire      1%         6d3       100%        6
 Dragon Form              Tmut           0%         N/A       100%        7
 Malign Gateway           Summ/Tloc      0%         N/A       100%        7
 Orb of Destruction       Conj           0%         9d5       100%        7
 Spellforged Servitor     Conj/Summ      0%         N/A       100%        7
 Storm Form               Tmut/Air       0%         N/A       100%        7
 Summon Horrible Things   Summ           0%         N/A       100%        8


Dungeon Overview and Level Annotations

Branches:
Dungeon (11/15)            Temple (1/1) D:7            Lair (4/6) D:11
  Swamp (0/4) Lair:3        Snake (0/4) Lair:4          Orc (0/2) D:10
Ossuary (visited)         Volcano (visited)

Altars:
Ashenzari
Cheibriados
Dithmenos
Elyvilon
Fedhas
Gozag
Hepliaklqana
Kikubaaqudgha
Makhleb
Nemelex Xobeh
Okawaru
Qazlal
Ru
Sif Muna
Trog
Uskayaw
Vehumet
Wu Jian
Xom
Yredelemnul
Zin
The Shining One

Shops:
D:6 *

Annotations:
D:8 2 transporters, exclusion: 2 doors


Innate Abilities, Weirdness & Mutations

You are too large for most types of armour.
You have claws for hands.
Your natural rate of healing is unusually fast.
You are covered in fur. (AC +1)
You have tough skin. (AC +1)


Message History

The rime drake breathes ice at you. The flash freeze hits you!!
You partially resist.
You are encased in ice.
The rime drake bites you but does no damage.
The ice encasing you melts away.
Your +4 scimitar of flaming bursts into flame!
W - a +4 scimitar of flaming (weapon)
You barely miss the eight-headed hydra.
You claw the eight-headed hydra, but do no damage.
The eight-headed hydra bites you.
The eight-headed hydra bites you but does no damage. x2
The eight-headed hydra bites you!
You block the eight-headed hydra's attack.
The eight-headed hydra barely misses you.
The eight-headed hydra bites you but does no damage.
The eight-headed hydra bites you.
The eight-headed hydra bites you but does no damage.
The eight-headed hydra bites you!
* * * LOW HITPOINT WARNING * * *
You block the eight-headed hydra's attack.
The eight-headed hydra bites you but does no damage.
The eight-headed hydra bites you!
* * * LOW HITPOINT WARNING * * *
The eight-headed hydra barely misses you.
The eight-headed hydra bites you.
* * * LOW HITPOINT WARNING * * *
You block the eight-headed hydra's attack.
Unknown command.
As you read the scroll of teleportation, it crumbles to dust.
You feel strangely unstable. The eight-headed hydra bites you!
* * * LOW HITPOINT WARNING * * *
The eight-headed hydra bites you!
* * * LOW HITPOINT WARNING * * *
The eight-headed hydra bites you but does no damage.
The eight-headed hydra closely misses you.
The eight-headed hydra bites you.
* * * LOW HITPOINT WARNING * * *
The eight-headed hydra bites you but does no damage.
The eight-headed hydra bites you!
You die...

.≈≈≈≈.... ..≈≈≈#...<.........
§.s≈≈# ............ #D.≈≈#
#.......... .w.≈≈# #........#
#........ ..≈≈≈#####.....#.#
#P....... ≈≈≈≈≈##.P.#.....#
#........ ≈≈≈≈##.........###
#........ ≈#####.........#@#
#....#..P ## #.......†.D##
##....... #.)........#
#........ ..#...#....##
##....... P...PP......#####
#....#... ............#...##
#........
P.P..#...........####.......
...................##...#...
......#..................#...


You could see an eight-headed hydra.

Vanquished Creatures
  Gastronok (Lair:2)
  Snorg (D:11)
  2 hydras
  2 two-headed ogres (D:11)
  A tengu warrior (D:10)
  2 salamander mystics (Volcano)
  A wizard (Volcano)
  A bog body (Lair:3)
  3 salamanders (Volcano)
  An ugly thing (D:10)
  2 cyclopes (Volcano)
  A manticore (D:11)
  9 cane toads
  4 molten gargoyles (Volcano)
  2 black mambas (Lair:2)
  Maggie (D:7)
  3 gargoyles (Volcano)
  An unseen horror (D:10)
  An efreet (Volcano)
  4 komodo dragons
  2 polar bears
  3 trolls
  A hornet (D:10)
  10 blink frogs
  A meliai zombie (D:10)
  A shadow (D:11)
  A wraith (D:9)
  29 yaks
  Sigmund (D:2)
  A fire bat (Lair:2)
  Grum (D:9)
  4 vampire mosquitoes (D:9)
  2 steam dragons
  A basilisk (Lair:2)
  3 nagas
  2 acid dragons
  3 swamp worms (Lair:3)
  8 water moccasins
  Duvessa (D:7)
  3 orc warriors
  2 sky beasts (D:7)
  2 ice beasts
  An ogre (D:6)
  4 wolves
  3 centaurs
  3 bullfrogs
  3 kobold brigands (D:9)
  5 scorpions
  Dowan (D:7)
  6 killer bees (D:7)
  21 wights
  3 howler monkeys
  5 electric eels
  5 centaur zombies
  2 bullfrog zombies
  2 centaur skeletons (D:4)
  2 jellies (D:5)
  Crazy Yiuf (D:5)
  A gnoll shaman (D:7)
  A hound (D:7)
  3 orc priests
  A human zombie (Ossuary)
  5 iguanas
  8 orc wizards
  A hell rat (Lair:4)
  A hound zombie (Ossuary)
  3 mummies (Ossuary)
  A howler monkey zombie (D:8)
  8 gnolls
  4 adders
  A howler monkey skeleton (D:5)
  A shadow imp (D:7)
  3 adder zombies (Ossuary)
  An adder skeleton (D:4)
  A worm (D:2)
  2 dart slugs
  19 orcs
  2 ball pythons (D:1)
  6 endoplasms
  4 giant cockroaches
  3 gnoll zombies (Ossuary)
  11 goblins
  8 hobgoblins
  3 jackals (D:5)
  4 quokkas
  5 bats
  A frilled lizard (D:2)
  4 goblin zombies (Ossuary)
  3 hobgoblin zombies (Ossuary)
  16 kobolds
  3 kobold zombies (Ossuary)
  6 orc zombies (Ossuary)
  3 quokka zombies (Ossuary)
  11 rats
  5 rat zombies (Ossuary)
355 creatures vanquished.

Vanquished Creatures (others)
  16 foxfires (D:7)
  17 fungi
  48 plants
81 creatures vanquished.

Grand Total: 436 creatures vanquished

Notes
Turn   | Place    | Note
-------+----------+-------------------------------------------
     0 | D:1      | demenzo the Troll Cinder Acolyte began the quest for the
                  | Orb.
     0 | D:1      | Reached XP level 1. HP: 22/22 MP: 1/1
     2 | D:1      | Noticed an elf
     2 | D:1      | Noticed a troll
     4 | D:1      | Noticed a merfolk
     6 | D:1      | Noticed a tengu
     8 | D:1      | Noticed a spriggan
     8 | D:1      | Noticed a felid
    10 | D:1      | Noticed a draconian
    12 | D:1      | Noticed a formicid
    14 | D:1      | Noticed a demonspawn
    16 | D:1      | Noticed a dwarf
    16 | D:1      | Noticed a human
    19 | D:1      | Noticed a minotaur
    19 | D:1      | Noticed a ghoul
    21 | D:1      | Noticed an ogre
    21 | D:1      | Noticed a gargoyle
    23 | D:1      | Noticed a demigod
    23 | D:1      | Noticed a vine stalker
    25 | D:1      | Noticed a naga
    25 | D:1      | Noticed a vampire
    27 | D:1      | Noticed an octopode
    69 | D:1      | Reached XP level 2. HP: 29/29 MP: 2/2
   240 | D:1      | Reached XP level 3. HP: 36/36 MP: 3/3
   360 | D:1      | Reached skill level 4 in Unarmed Combat
   494 | D:1      | Found a faded altar of an unknown god.
   608 | D:2      | Noticed Sigmund
   623 | D:2      | Killed Sigmund
   624 | D:2      | Reached skill level 5 in Unarmed Combat
   624 | D:2      | Reached XP level 4. HP: 26/45 MP: 4/4
   624 | D:2      | Reached XP level 5. HP: 30/53 MP: 5/5
   766 | D:2      | Found a shadowy altar of Dithmenos.
  1026 | D:2      | Reached skill level 6 in Unarmed Combat
  1637 | D:3      | Learned a level 2 spell: Scorch
  1772 | D:3      | Reached XP level 6. HP: 20/61 MP: 6/6
  2046 | D:3      | Identified the +5 mace of the Wraith {vorpal, Dex+4}
  2124 | D:3      | Found a hide-covered altar of Uskayaw.
  2416 | D:4      | Found an ornate altar of the Wu Jian Council.
  2416 | D:4      | Found a burning altar of Makhleb.
  2696 | D:4      | Identified the +7 hand crossbow "Eviscerator" {venom, rF-
                  | rC+ rN+}
  2948 | D:4      | Reached skill level 7 in Unarmed Combat
  3186 | D:5      | Entered Level 5 of the Dungeon
  3188 | D:5      | Found a sparkling altar of Nemelex Xobeh.
  3232 | D:5      | Found a sand-covered staircase.
  3237 | D:5      | Reached XP level 7. HP: 67/67 MP: 7/7
  3244 | Ossuary  | Entered an ossuary
  3347 | Ossuary  | Reached skill level 8 in Unarmed Combat
  3772 | D:5      | Found a runed translucent door.
  3773 | D:5      | Noticed Crazy Yiuf
  3852 | D:5      | Reached skill level 9 in Unarmed Combat
  3852 | D:5      | Reached XP level 8. HP: 57/75 MP: 8/8
  4043 | D:5      | Reached skill level 10 in Unarmed Combat
  4132 | D:5      | Found a blossoming altar of Fedhas.
  4278 | D:5      | Killed Crazy Yiuf
  4460 | D:6      | Reached skill level 11 in Unarmed Combat
  4704 | D:6      | Found Giosmyco's Neck Hole.
  4789 | D:6      | Found a glowing golden altar of the Shining One.
  4896 | D:7      | Reached XP level 9. HP: 76/83 MP: 9/9
  4929 | D:7      | Reached skill level 1 in Dodging
  4981 | D:7      | Reached skill level 12 in Unarmed Combat
  5020 | D:7      | Noticed Maggie
  5081 | D:7      | Killed Maggie
  5229 | D:7      | Noticed Duvessa
  5229 | D:7      | Noticed Dowan
  5231 | D:7      | Killed Duvessa
  5232 | D:7      | Killed Dowan
  5686 | D:7      | Found a staircase to the Ecumenical Temple.
  5695 | Temple   | Entered the Ecumenical Temple
  5930 | D:8      | Noticed a boulder beetle
  5930 | D:8      | Found a transporter.
  5930 | D:8      | Found a transporter.
  6157 | D:8      | Noticed a queen bee
  6200 | D:8      | Reached skill level 13 in Unarmed Combat
  6212 | D:8      | Reached XP level 10. HP: 65/94 MP: 10/10
  6316 | D:8      | Found an iron altar of Okawaru.
  6815 | D:9      | Noticed Grum
  6824 | D:8      | Reached skill level 5 in Fighting
  6978 | D:9      | Killed Grum
  7064 | D:9      | Found a hazy altar of Hepliaklqana.
  7333 | D:9      | Reached skill level 14 in Unarmed Combat
  7760 | D:10     | Entered Level 10 of the Dungeon
  7906 | D:10     | Reached skill level 5 in Dodging
  7968 | D:10     | Found a staircase to the Orcish Mines.
  8094 | D:10     | Noticed a tengu warrior
  8094 | D:10     | Noticed a white ugly thing
  8138 | D:9      | Reached XP level 11. HP: 102/105 MP: 11/11
  8365 | D:10     | Killed a white ugly thing
  8566 | D:10     | Killed a tengu warrior
  8695 | D:11     | Noticed a four-headed hydra
  8703 | D:11     | Killed a five-headed hydra
  8764 | D:11     | Noticed Snorg
  8860 | D:11     | Noticed a two-headed ogre
  8871 | D:11     | Killed a two-headed ogre
  8872 | D:11     | Reached skill level 15 in Unarmed Combat
  9047 | D:11     | Killed Snorg
  9084 | D:11     | Noticed a two-headed ogre
  9093 | D:11     | Killed a two-headed ogre
  9190 | D:11     | Got the Volume of Flamy Combat Magic
  9368 | D:11     | Found a staircase to the Lair.
  9921 | Lair:1   | Entered Level 1 of the Lair of Beasts
 10000 | Lair:1   | Found a dark tunnel.
 10007 | Volcano  | Entered a volcano
 10159 | Volcano  | Reached XP level 12. HP: 81/118 MP: 12/12
 10241 | Volcano  | Reached skill level 1 in Armour
 10241 | Volcano  | Reached skill level 16 in Unarmed Combat
 10318 | Volcano  | Noticed an orb of fire
 10405 | Volcano  | Noticed an orb of fire
 10759 | Lair:1   | Got Pein's Compendium of Virous Shape Shifting
 11345 | Lair:2   | Noticed Gastronok
 11356 | Lair:2   | Killed Gastronok
 11493 | Lair:2   | Noticed Sonja
 11495 | Lair:2   | Noticed Sonja
 11495 | Lair:2   | Sonja changed into Sonja the fire bat
 11500 | Lair:2   | Killed Sonja the fire bat
 11507 | Lair:2   | Reached skill level 17 in Unarmed Combat
 12655 | Lair:3   | Reached XP level 13. HP: 128/128 MP: 13/13
 13521 | Lair:3   | Found a staircase to the Swamp.
 13937 | Lair:4   | Found a staircase to the Snake Pit.
 14342 | Lair:4   | HP: 6/131 [eight-headed hydra (12)]
 14342 | Lair:4   | Slain by an eight-headed hydra

Illustrated notes

Levels and vault maps discovered:
D:1:      kb_arrival_jail, layout_rooms, hellmonk_ecumenical_altar_prayer_group
D:2:      layout_basic, basic_altar, uniq_sigmund
D:3:      layout_basic, nicolae_uskayaw_dance_hall
D:4:      layout_basic, mainiacjoe_overflow_divided_tiny
D:5:      layout_loops_ring, mainiacjoe_overflow_alcove_2,
          mainiacjoe_overflow_cross_hatched, nicolae_ossuary_entry_monument,
          uniq_crazy_yiuf_cottage
D:6:      layout_gridville, nicolae_tso_swordbearing_angel,
          hangedman_decor_points, minivault_14,
          nicolae_shop_sticking_my_neck_out
D:7:      layout_basic, temple_hall, hangedman_minor_gate_pass, uniq_maggie,
          uniq_duvessa
D:8:      gammafunk_boulding_lane, layout_basic, okawaru_trees_2,
          dk_noncrumbling_2, nicolae_looking_at_the_future
D:9:      layout_cave_pools, old_standard_altar, uniq_grum
D:10:     layout_loops_ring, chequers_serial_rivers_micro_d, grunt_potential
D:11:     layout_irregular_city, david_lair_shrubbed, uniq_snorg
Temple:   eino_narrow_crystal_temple
Lair:1:   layout_regular_city, nicolae_volcano_entry_lava_flow,
          grunt_megastairs_2
Lair:2:   layout_layer_cave, uniq_gastronok, uniq_sonja
Lair:3:   layout_gridlike, nicolae_swamp_entry_splash_gauntlet,
          chequers_serial_rivers_micro_c, minivault_25
Lair:4:   layout_gridlike, guppyfry_snake_entry_garden,
          nicolae_lair_lakeside_cave

Skill      XL: |  1  2  3  4  5  6  7  8  9 10 11 12 13 |
---------------+----------------------------------------+-----
Unarmed Combat | 5 6 7 9 11 13 14 15 17 | 17.8
Fighting       | 3 4 6 7 8 9 |  9.1
Dodging        | 3 5 6 7 |  7.0
Armour         | 4 |  4.9
Spellcasting   | |  1.0
Fire Magic     | |  2.1

Action                   |  1- 3 |  4- 6 |  7- 9 | 10-12 | 13-15 || total
-------------------------+-------+-------+-------+-------+-------++-------
Melee: Unarmed           |    97 |    89 |   289 |   441 |    98 ||  1014
       Punch             |       |     2 |    14 |    47 |     8 ||    71
       Scimitar          |       |       |       |       |    12 ||    12
 Fire: Hand crossbow     |       |       |       |     1 |     4 ||     5
Throw: Large rock        |       |       |       |     1 |       ||     1
Invok: Fiery Armour      |     1 |       |     1 |     2 |       ||     4
       Foxfire Swarm     |       |       |     1 |       |       ||     1
Evoke: Wand              |       |       |       |     4 |       ||     4
  Use: Scroll            |       |    10 |     3 |     7 |     5 ||    25
       Potion            |       |       |       |     2 |     1 ||     3
 Stab: Sleeping          |       |       |     3 |     5 |     1 ||     9
       Distracted        |       |       |       |     1 |       ||     1
Armor: Robe              |    25 |    23 |    54 |       |       ||   102
       Steam dragon scal |       |       |    24 |   107 |    51 ||   182
       Skin              |       |       |       |     7 |       ||     7
Dodge: Dodged            |    34 |    28 |    90 |   148 |    67 ||   367
Block: Other             |       |     6 |    48 |    97 |    34 ||   185
       Reflection        |       |     1 |       |     3 |     1 ||     5
